AoeStats
← sineks

Black Forest

509717799Analyzed
2v2 RM · 3d ago on Sep 27, 2026· 36m 28s· 4 players
Game mode
Random Map
Map size
Medium (4 player)
Population
200
Speed
Normal
Resources
Standard
Victory
Conquest
Starting age
Dark Age
Ending age
Imperial Age
RankedLock teamsTeams togetherTeam positionsShared explorationLock speedFull tech treeHidden civsTurbo modeCheats
Victory
Defeat
🇺🇸 Koreans · United States
969
+15
🇩🇪 Franks · Germany
867
+19
🇹🇷 Slavs · Türkiye
949
-17
🇹🇷 Lithuanians · Türkiye
949
-17
Walls vs Zombies 2009
2:41 Loom
13:00 Feudal Age
13:29 Double-Bit Axe
18:05 Castle Age
19:12 Bow Saw
20:13 Wheelbarrow
22:34 Hand Cart
26:21 Gold Mining
28:48 Gold Shaft Mining
31:34 Imperial Age
28:57 Stone Mining
29:15 Scale Barding Armor
29:20 Forging
30:11 Masonry
31:01 Chain Barding Armor
30:33 Fletching
30:45 Town Watch
31:38 Iron Casting
31:06 Caravan
31:42 Husbandry
31:53 Bodkin Arrow
31:51 Cavalier
33:07 Plate Barding Armor
33:32 Blast Furnace
34:07 Chemistry
33:28 Ballistics
33:11 Scale Mail Armor
32:32 Pikeman
33:13 Squires
34:09 Paladin
35:15 Chain Mail Armor
35:18 Halberdier
37:20 Conscription
Cognitive Ball Torture
0:31 Loom
13:18 Feudal Age
16:28 Double-Bit Axe
20:28 Castle Age
18:56 Horse Collar
19:09 Stone Mining
19:11 Gold Mining
20:49 Fletching
21:21 Bow Saw
22:22 Heavy Plow
23:01 Bodkin Arrow
26:45 Ballistics
28:48 Wheelbarrow
33:16 Imperial Age
32:03 Hand Cart
33:55 Caravan
36:05 Chemistry
35:02 Heavy Rocket Cart
sineks
0:27 Loom
13:58 Feudal Age
15:16 Horse Collar
16:02 Double-Bit Axe
17:18 Stone Mining
19:34 Gold Mining
21:01 Arson
24:37 Castle Age
23:02 Scale Mail Armor
24:48 Wheelbarrow
25:41 Heavy Plow
26:32 Bow Saw
27:36 Fletching
27:46 Padded Archer Armor
28:01 Chain Mail Armor
27:57 Forging
29:25 Caravan
30:18 Bloodlines
30:54 Stone Shaft Mining
31:47 Husbandry
31:08 Light Cavalry
35:38 Imperial Age
34:20 Hand Cart
33:45 Elite Skirmisher
35:49 Elite Leitis
Kerküklü
0:33 Loom
14:05 Feudal Age
15:13 Double-Bit Axe
16:06 Horse Collar
19:04 Castle Age
17:15 Stone Mining
17:51 Gold Mining
18:41 Man-at-Arms
20:01 Wheelbarrow
21:12 Forging
21:06 Squires
28:57 Imperial Age
27:36 Bow Saw
27:29 Murder Holes
27:46 Heavy Plow
29:17 Fortified Wall
30:05 Conscription
30:51 Gold Shaft Mining
30:29 Masonry
30:16 Long Swordsman
Connection lost

Rejoining the realm…

Still unreachable

The connection could not be restored.

Session expired

The server has moved on; the page needs a fresh start.